Map: Dusk Towers

Players

capac - Winner!

  • Race: Terran Terran
  • League: Gold

Holyt

  • Race: Zerg Zerg
  • League: Gold

VOD

Have the link to the VOD?

Description

Time

  • Played on: April 14, 2016, 11:20 a.m.
  • Length: 12:37
Show
View Real Time Build Order
Export as new Build Order

capac Terran - Winner!

Build Orders: Reaper Expand, MMM Bio 

Get SALT Encoding   

  12  0:00  SCV  
  13  0:13  SCV  
  14  0:21  Supply Depot  
  14  0:25  SCV  
  15  0:43  SCV  
  15  0:45  Barracks  
  15  0:47  Refinery  
  16  0:55  SCV  
  17  1:07  SCV  
  18  1:19  SCV  
  19  1:34  Reaper  
  19  1:37  Orbital Command  
  20  1:41  Command Center  
  20  1:49  Supply Depot  
  20  2:02  Barracks  
  20  2:04  SCV  
  21  2:09  Marine  
  22  2:23  SCV  
  22  2:29  Refinery  
  23  2:31  Factory  
  23  2:37  SCV  
  24  2:49  Barracks Tech Lab, Barracks Reactor  
  24  2:52  Barracks  
  24  2:57  Orbital Command, SCV  
  25  3:09  SCV  
  26  3:15  Factory Tech Lab  
  26  3:18  Starport, Marine  
  27  3:22  SCV  
  27  3:26  Marine x2  
  30  3:33  SCV  
  31  3:34  SCV  
  31  3:38  Marine  
  31  3:39  Stimpack  
  33  3:47  SCV x2  
  35  3:53  Siege Tank  
  35  3:54  Refinery  
  38  3:56  Marine  
  38  3:57  Marine x3  
  38  4:01  Supply Depot  
  41  4:11  Medivac  
  41  4:13  SCV  
  41  4:14  SCV  
  45  4:24  Supply Depot, Marine x4  
  45  4:26  SCV x2  
  45  4:30  Supply Depot  
  51  4:31  Siege Tank  
  54  4:44  Starport Reactor  
  54  4:46  SCV x2  
  56  4:55  Command Center  
  56  4:58  Marine x3  
  56  4:59  Marine  
  60  5:01  SCV  
  60  5:02  SCV  
  62  5:08  Supply Depot  
  62  5:21  Barracks Reactor  
  62  5:23  SCV x2  
  64  5:28  Barracks  
  64  5:30  Barracks  
  64  5:34  Engineering Bay  
  64  5:38  Supply Depot  
  64  5:39  SCV x2  
  64  5:40  Engineering Bay  
  64  5:41  Refinery  
  66  5:43  Combat Shields  
  66  5:50  Medivac  
  66  5:53  Medivac  
  66  5:55  SCV  
  66  5:56  SCV  
  72  6:00  Marine x2  
  74  6:12  SCV x2  
  74  6:13  Marine x3  
  76  7:01  Marine x4  
  72  7:02  Barracks Tech Lab  
  72  7:03  Barracks Reactor  
  72  7:04  Medivac x2  
  72  7:05  Siege Tank  
  82  7:22  Concussive Shells, Liberator x2  
  82  7:25  Marauder x2, Marine x3  
  82  7:26  SCV x2  
  91  7:30  Terran Infantry Weapons Level 1, Terran Infantry Armor Level 1  
  91  7:34  Armory  
  91  7:35  Marine  
  92  7:37  Supply Depot  
  92  7:43  Marine x2  
  100  7:46  Marine  
  101  7:52  Supply Depot, Marine x3  
  101  7:53  Marauder  
  104  8:11  Marauder  
  100  8:29  Marine x6  
  100  8:30  Marine  
  100  8:32  Marauder  
  100  8:34  Liberator x2, Orbital Command  
  109  8:39  Supply Depot  
  109  8:40  Supply Depot  
  108  8:48  Marauder, Marine x3  
  106  8:49  Marine x3  
  106  8:53  Starport  
  106  8:54  Marauder, Siege Tank  
  120  8:56  SCV  
  120  8:57  SCV  
  120  9:01  Supply Depot  
  122  9:03  Supply Depot  
  122  9:06  SCV  
  122  9:08  Marine x5  
  128  9:17  Marine  
  128  9:20  Marauder x2  
  128  9:24  Supply Depot, Liberator x2  
  133  9:41  Marauder  
  133  9:42  Marauder, Starport Reactor  
  143  9:55  Marine x2  
  143  9:56  Marine x4  
  143  9:59  Supply Depot  
  149  10:02  Supply Depot, Marine  
  149  10:06  Missile Turret x2  
  150  10:09  Terran Infantry Weapons Level 2, Missile Turret  
  150  10:10  Terran Infantry Armor Level 2, Missile Turret  
  150  10:20  Medivac x2  
  154  10:31  Refinery  
  154  10:32  Liberator x2  
  154  10:34  Refinery  
  154  10:47  Supply Depot  
  154  10:48  Supply Depot, Siege Tank  
  163  11:17  Marine x2  
  163  11:18  Marine x6  
  156  11:35  Marine x3  
  156  11:36  Marauder, Marine  
  156  11:37  Marauder  
  150  11:41  Marine x2  
  150  11:46  Medivac  
  150  11:47  Medivac x3  
  148  11:53  Marine x4  
  154  11:58  Marauder x2  
  158  12:14  Marine  
  158  12:15  Marine x5  
  162  12:19  Marine  
Show
View Real Time Build Order
Export as new Build Order

Holyt Zerg 

Build Orders: Hatch First, Muta Ling Bane 

Get SALT Encoding   

  12  0:01  Drone  
  13  0:08  Drone  
  14  0:17  Overlord  
  15  0:35  Drone  
  15  0:36  Drone x2  
  17  0:52  Hatchery  
  17  0:56  Drone  
  17  0:59  Drone  
  17  1:03  Extractor  
  17  1:10  Drone  
  18  1:19  Spawning Pool  
  17  1:26  Drone  
  18  1:34  Drone  
  19  1:40  Overlord  
  19  2:06  Queen  
  19  2:07  Queen  
  23  2:09  Zergling x4  
  23  2:10  Drone  
  23  2:14  Metabolic Boost  
  26  2:24  Drone x2  
  26  2:25  Drone  
  28  2:42  Overlord  
  28  2:44  Drone x2  
  30  2:54  Drone  
  30  2:55  Drone  
  32  2:59  Drone x2  
  34  3:20  Drone  
  34  3:21  Drone x2  
  37  3:31  Baneling Nest  
  37  3:33  Extractor  
  35  3:35  Hatchery  
  35  3:36  Queen  
  35  3:40  Drone x2  
  35  3:41  Drone  
  39  3:42  Drone x2  
  39  3:43  Drone  
  39  3:44  Extractor  
  41  3:50  Evolution Chamber  
  41  3:53  Zergling x2  
  41  3:54  Zergling x2  
  42  4:13  Drone x2  
  42  4:16  Lair  
  44  4:19  Zerg Ground Armor Level 1  
  44  4:31  Overlord x3  
  44  4:43  Overlord  
  44  4:44  Overlord  
  44  4:52  Drone x3  
  47  4:54  Zergling x10  
  47  4:55  Zergling x2  
  47  4:59  Zergling x4  
  55  5:10  Extractor  
  55  5:14  Drone x2  
  55  5:16  Drone  
  55  5:17  Drone  
  58  5:26  Zergling x10  
  63  5:36  Centrifical Hooks  
  63  5:40  Drone x6  
  63  5:42  Overlord x2  
  69  5:46  Spore Crawler  
  68  5:51  Drone x3  
  68  5:52  Drone  
  68  5:56  Baneling  
  68  5:57  Baneling x6  
  72  5:58  Baneling  
  72  5:59  Drone  
  72  6:01  Drone x4  
  72  6:02  Drone  
  78  6:11  Overlord x2  
  78  6:20  Zergling x4  
  78  6:21  Zergling x8  
  54  6:55  Roach Warren  
  54  7:00  Queen  
  54  7:10  Drone x3  
  54  7:11  Drone x2  
  54  7:12  Drone  
  54  7:14  Drone  
  61  7:16  Drone x2  
  61  7:20  Extractor  
  62  7:30  Spire  
  61  7:38  Extractor  
  60  7:47  Roach x3  
  66  7:56  Drone x3  
  66  7:57  Drone x3  
  66  7:58  Overlord x2  
  72  8:05  Zergling x4  
  61  8:19  Roach x6  
  68  8:20  Roach x6  
  64  8:37  Drone x3  
  62  8:53  Drone x6  
  66  8:59  Queen  
  68  9:08  Spore Crawler  
  67  9:14  Spine Crawler  
  66  9:17  Zerg Flyer Weapons Level 1  
  66  9:18  Drone  
  66  9:19  Drone x2  
  66  9:20  Drone x2  
  66  9:21  Drone  
  66  9:22  Drone x2  
  74  9:35  Mutalisk  
  74  9:36  Mutalisk x7  
  74  9:37  Mutalisk x3  
  96  9:41  Hatchery  
  95  10:11  Roach x3  
  95  10:12  Roach x7  
  95  10:13  Roach, Mutalisk x2  
  95  10:14  Mutalisk x2  
  125  10:39  Drone x3  
  125  10:40  Mutalisk x2  
  125  10:41  Mutalisk x3  
  138  10:45  Overlord x2  
  132  11:10  Ravager x2  
  132  11:11  Ravager x8  
  139  11:14  Zergling x14  
  139  11:15  Zergling x2  
  116  11:35  Zergling x10  
  84  11:46  Roach x5  
  57  12:06  Mutalisk x4  
Tags
 
Add a new tag
Caveats
  • Supply blocks, unpowered buildings, or Contaminate may cause inaccurate times.
  • Supply counts are checked every 10 seconds.